 Dungeon Crawl Stone Soup version 0.30-a0-118-ga018f8e90f (webtiles) character file.

Game seed: 13556169547087765446

73 porpoise the Poker (level 4, -1/34 HPs)
             Began as a Demonspawn Gladiator on Sept 14, 2022.
             Succumbed to their own poison gas
             ... on level 3 of the Dungeon.
             The game lasted 00:06:46 (2731 turns).

porpoise the Poker (Demonspawn Gladiator)           Turns: 2731, Time: 00:06:47

Health: -1/34      AC:  9    Str: 16    XL:     4   Next: 8%
Magic:  4/4        EV: 11    Int: 10    God:
Gold:   140        SH:  0    Dex: 14    Spells: 3/3 levels left

rFire   . . .      SeeInvis .    a - +0 trident
rCold   . . .      Faith    .    (no shield)
rNeg    . . .      Spirit   .    n - +0 ring mail
rPois   .          Reflect  .    (helmet restricted)
rElec   .          Harm     .    (no cloak)
rCorr   .          Rampage  .    (no gloves)
Will    .....                    (no boots)
Stlth   +.........               (no amulet)
HPRegen 0.11/turn                m - +4 ring of protection
MPRegen 0.18/turn                (no ring)

@: lethally poisoned (-1 -> -36)
A: antennae 1, magic regeneration
a: no special abilities


You were on level 3 of the Dungeon.
You visited 1 branch of the dungeon, and saw 3 of its levels.

You collected 140 gold pieces.

Inventory:

Hand Weapons
 a - a +0 trident (weapon)
 b - a +0 sling
Missiles
 d - 3 throwing nets (quivered)
 e - a javelin
 l - 3 atropa-tipped darts
Armour
 i - a +2 leather armour of fire resistance
 n - a +0 ring mail (worn)
 w - a +0 scale mail
Jewellery
 m - a +4 ring of protection (left hand)
Scrolls
 c - a scroll of identify {unknown}
 g - a scroll of vulnerability {unknown}
 k - a scroll of fog {unknown}
 p - a scroll of enchant weapon {unknown}
 q - a scroll of amnesia {unknown}
 r - a scroll of enchant armour {unknown}
 u - a scroll of fear {unknown}
 v - a scroll of teleportation {unknown}
Potions
 f - a potion of curing
 h - a potion of berserk rage {unknown}
 o - a potion of heal wounds {unknown}
 s - a potion of resistance {unknown}
 t - 4 potions of flight {unknown}


   Skills:
 + Level 2.9 Fighting
 * Level 4.0 Polearms
 - Level 1.7 Throwing
 - Level 2.6 Dodging


You had 3 spell levels left.
You didn't know any spells.
Your spell library contained the following spells:

 Spells                   Type           Power      Damage    Failure   Level
 Ignite Poison            Fire/Tmut/Pois 0%         N/A       91%         3
 Mephitic Cloud           Conj/Pois/Air  0%         N/A       91%         3
 Freezing Cloud           Conj/Ice/Air   0%         6-21      100%        5


Dungeon Overview and Level Annotations

Branches:
Dungeon (3/15)

Altars:


Innate Abilities, Weirdness & Mutations

You have a pair of small antennae on your head.
You regenerate magic rapidly.


Message History

Aim: an orc priest, wielding a +0 mace and wearing a +0 ring mail (moderately wounded, about 36% to evade your +0 trident)
You reach to attack!
You hit the orc priest but do no damage.
The orc priest is moderately wounded.
The orc hits you but does no damage. The rat barely misses you.
The quokka closely misses you. The rat closely misses you.
The orc hits you but does no damage.
Reach: a) +0 trident
Press: ? - help, Dir - move target, f/p - orc priest
Aim: an orc priest, wielding a +0 mace and wearing a +0 ring mail (moderately wounded, about 36% to evade your +0 trident)
You reach to attack!
You barely miss the orc priest.
The orc priest is moderately wounded.
The quokka closely misses you. The rat bites you but does no damage.
The orc hits you but does no damage.
The quokka bites you but does no damage.
Reach: a) +0 trident
Press: ? - help, Dir - move target, f/p - orc priest
Aim: an orc priest, wielding a +0 mace and wearing a +0 ring mail (moderately wounded, about 36% to evade your +0 trident)
The orc is in the way.
You closely miss the orc. The quokka closely misses you.
The rat closely misses you. The orc barely misses you.
Unknown command.
Really read the scroll of poison?
The air fills with toxic fumes!
As you read the scroll of poison, it crumbles to dust.
The quokka bites you but does no damage.
The rat bites you but does no damage.
The orc priest invokes the aid of Beogh against you.
Beogh smites you! The orc closely misses you.
Really walk into that cloud of poison gas?
Okay, then.
It was a potion of curing.
You feel better. The quokka bites you. The rat bites you but does no damage.
The orc misses you.
Really walk into that cloud of poison gas?
You are engulfed in poison gas.
You are poisoned.
* * * LOW HITPOINT WARNING * * *
x2 You feel very sick.
You are engulfed in poison gas.
You are more poisoned.
You die...

#§ ### §§ #§§ §
§§§ # #§#.#§#
..
..#.#§#o#§#....
......oo.....#
. #{#r#
....#.#§#####.#
......§@§......
....#§#§#####..
.. #§#§# § #§#
§# #§§ #§ ### #


You could see an orc priest, 2 orcs and a quokka.

Vanquished Creatures
  A gnoll (D:1)
  An adder (D:2)
  A worm (D:2)
  3 dart slugs
  5 bats
  5 endoplasms
  A giant cockroach (D:1)
  6 goblins
  3 hobgoblins
  3 jackals (D:1)
  2 quokkas (D:1)
  4 ball pythons
  A frilled lizard (D:1)
  2 kobolds
  3 rats (D:1)
41 creatures vanquished.

Notes
Turn   | Place    | Note
-------+----------+-------------------------------------------
     0 | D:1      | porpoise the Demonspawn Gladiator began the quest for the
                  | Orb.
     0 | D:1      | Reached XP level 1. HP: 16/16 MP: 1/1
   242 | D:1      | Reached skill level 3 in Polearms
   281 | D:1      | Gained mutation: You have a pair of small antennae on your
                  | head. [demonic ancestry]
   281 | D:1      | Reached XP level 2. HP: 14/22 MP: 2/2
   473 | D:1      | Found a faded altar of an unknown god.
   893 | D:1      | You fall into a shaft and drop 1 floor!
   939 | D:2      | Gained mutation: You regenerate magic rapidly. [demonic
                  | ancestry]
   939 | D:2      | Reached XP level 3. HP: 5/28 MP: 3/3
  2233 | D:2      | Reached skill level 4 in Polearms
  2238 | D:2      | Reached XP level 4. HP: 34/34 MP: 4/4
  2731 | D:3      | Succumbed to their own poison gas

Illustrated notes

Levels and vault maps discovered:
D:1:      dpeg_arrival_tiny_f, layout_basic,
          hellmonk_ecumenical_altar_heavens_door, grunt_decor_one_mirror
D:2:      layout_loops_ring, serial_forest, infiniplex_forest_diagonal,
          infiniplex_forest_lined_corner, infiniplex_forest_straight_2,
          infiniplex_forest_lined_1, infiniplex_forest_straight_2,
          infiniplex_forest_end_3, infiniplex_forest_lined_room_,
          infiniplex_forest_lined_2, infiniplex_forest_straight_4,
          infiniplex_forest_clump_double
D:3:      layout_basic, trog_wizard

Skill      XL: |  1  2  3 |
---------------+----------+-----
Polearms       | 3 4 |  4.0
Fighting       | |  2.9
Throwing       | |  1.7
Dodging        | |  2.6

Action                   |  1- 3 |  4- 6 || total
-------------------------+-------+-------++-------
Melee: Trident           |   129 |    21 ||   150
  Use: Scroll            |     1 |     1 ||     2
       Potion            |       |     1 ||     1
 Stab: Sleeping          |     2 |       ||     2
Armor: Leather armour    |    40 |     3 ||    43
       Ring mail         |       |    20 ||    20
Dodge: Dodged            |    59 |    24 ||    83

Table legend: (Time is in decaauts)
 A = Elapsed time spent in this place.
 B = Non-inter-level travel time spent in this place.
 C = Inter-level travel time spent in this place.
 D = Time resting spent in this place.
 E = Time spent auto-exploring this place.
 F = Levels seen in this place.
 G = Mean time per level.
                   A        B        C        D        E       F      G
               +--------+--------+--------+--------+--------+-----+--------+
         Total |   2748 |   2625 |    123 |    916 |   1287 |   3 |  916.0 |
       Dungeon |   2748 |   2625 |    123 |    916 |   1287 |   3 |  916.0 |
               +--------+--------+--------+--------+--------+-----+--------+

Top non-repeatable levels by time:
     D:1: 1397 daAuts
     D:2: 1331 daAuts
     D:3: 18 daAuts
